 Dungeon Crawl Stone Soup version 0.29.1-2-gbd0b4ee654 (webtiles) character file.

Game seed: 14963422972574821260

231 Sanktem7 the Trooper (level 5, -8/50 HPs)
             Began as a Minotaur Fighter on Nov 29, 2022.
             Mangled by an orc wizard
             ... wielding a +2 dagger of electrocution
              (20 damage)
             ... on level 5 of the Dungeon.
             The game lasted 00:05:46 (3891 turns).

Sanktem7 the Trooper (Minotaur Fighter)             Turns: 3891, Time: 00:05:47

Health: -8/50      AC: 11    Str: 23    XL:     5   Next: 72%
Magic:  4/4        EV:  7    Int:  5    God:
Gold:   223        SH:  0    Dex:  9    Spells: 4/4 levels left

rFire   + . .      SeeInvis .   a - +0 war axe (venom) {axe}
rCold   x . .      Faith    .   c - +0 buckler
rNeg    . . .      Spirit   .   C - +0 chain mail
rPois   .          Reflect  .   (helmet restricted)
rElec   .          Harm     .   (no cloak)
rCorr   .          Rampage  .   (no gloves)
Will    .....                   f - +1 pair of boots
Stlth   ..........              (no amulet)
HPRegen 0.16/turn               h - ring of fire
MPRegen 0.09/turn               (no ring)

@: confused
A: horns 2, retaliatory headbutt
a: no special abilities


You were on level 5 of the Dungeon.
You visited 1 branch of the dungeon, and saw 5 of its levels.

You collected 223 gold pieces.


Innate Abilities, Weirdness & Mutations

You have a pair of horns on your head.
You reflexively headbutt those who attack you in melee.


   Skills:
 * Level 5.7 Fighting
 * Level 4.9 Axes
 + Level 4.7 Armour
 - Level 3.6 Shields


You had 4 spell levels left.
You didn't know any spells.
Your spell library contained the following spells:

 Spells                   Type           Power      Damage    Failure   Level
 Magic Dart               Conj           0%         1d3       99%         1
 Searing Ray              Conj           0%         2d4       100%        2
 Fulminant Prism          Conj/Hex       0%         3d6       100%        4

Inventory:

Hand Weapons
 a - a +0 war axe of venom (weapon) {axe}
 A - a +0 dagger of protection {short}
   (You took it off a goblin on level 3 of the Dungeon)
Missiles
 e - 31 stones (quivered) {throwing}
 i - 5 atropa-tipped darts {throwing}
 p - a throwing net {=f!fthrowing}
 v - 10 poisoned darts {throwing}
 w - 6 boomerangs {throwing}
Armour
 c - a +0 buckler (worn)
 f - a +1 pair of boots (worn)
   (You found it on level 1 of the Dungeon)
 C - a +0 chain mail (worn)
   (You took it off an orc on level 3 of the Dungeon)
Jewellery
 h - a ring of fire (left hand)
   (You found it on level 1 of the Dungeon)
 y - a ring of flight
   (You found it on level 3 of the Dungeon)
Scrolls
 k - 2 scrolls of poison {!r}
 q - a scroll of identify {@r1}
Potions
 d - a potion of might
 g - a potion of ambrosia {unknown}
 j - 3 potions of magic
 l - a potion of degeneration {unknown}
 n - 3 potions of curing {@q1}
 o - a potion of haste {unknown}
 r - 2 potions of cancellation {unknown}
 s - a potion of attraction {unknown}
 t - a potion of lignification {unknown}
 u - 2 potions of mutation {unknown}
 z - 2 potions of flight

Dungeon Overview and Level Annotations

Branches:
Dungeon (5/15) Zot: 26053
 Temple: D:4-7

Altars:
Nemelex Xobeh
The Shining One

.## .. {.#
..# [..#..
###.....#
####o.o.....
#..o@##.#
#..<....#
.......######
.##....
#..### #. ..
.


You could see an orc priest, an orc wizard and an orc.


Message History

Key pressed, stopping explore.
You now have 223 gold pieces (gained 17).
You open the door.
There is an open door here.
You open the door.
There is an open door here.
You see here a +0 scale mail.
B - a scroll labelled NOIVAJA NIRCH
There is an open door here.
You open the door.
There is an open door here.
Found a stone staircase leading down.
There is a stone staircase leading down here.
Found a stone staircase leading up.
There is an open door here.
You open the door.
There is an open door here.
There is an open door here.
There is an open door here.
There is an open door here.
There is an open door here.
An adder comes into view.
The adder hisses angrily.
You slash the adder!
The adder is poisoned.
You kill the adder! 😎 HP[+1]
You now have 50 max hp (+1).
Your hp is fully restored (50).
No target in view!
You see here an adder corpse.
Done exploring.
Done exploring.
Done exploring.
Search for what [? for help]?
D
There is a stone staircase leading up here.
You climb upwards.
There is a stone staircase leading down here.
Things that are here:
a +0 chain mail; a +0 short sword {short}
C - a +0 chain mail You start removing your armour.
You continue taking off your +0 scale mail. x4
You finish taking off your +0 scale mail.
You start putting on your armour.
You continue putting on your +0 chain mail. x5
You finish putting on your +0 chain mail.
You drop a +0 scale mail.
There is a stone staircase leading down here.
You climb downwards.
There is a stone staircase leading up here.
There is an open door here.
There is a stone staircase leading down here.
Blink to where?
Press: ? - help, Dir - move target
As you read the scroll labelled RUBBIE VASH, it crumbles to dust.
It was a scroll of blinking.
As you read the scroll labelled BEWA ZUPIH, it crumbles to dust.
You feel momentarily disoriented.
It was a scroll of magic mapping.
As you read the scroll labelled NOIVAJA NIRCH, it crumbles to dust.
It is a scroll of enchant armour.
Your +0 pair of boots glows green for a moment.
There is a stone staircase leading down here.
You climb downwards.
The white imp shouts, "Succumb, thou feeble onion-eyed Cock-Lorel!"
The orc wizard shouts!
You hear a shout! x2
There is a stone staircase leading up here.
You barely miss the white imp.
The white imp hits you but does no damage.
An orc comes into view. It is wielding a +0 trident.
You hit the white imp but do no damage. Your headbutt misses the white imp.
The white imp hits you but does no damage.
You hit the white imp. The white imp hits you. The white imp freezes you!
You feel a terrible chill!
An orc priest comes into view. It is wielding a +0 hand axe. 😕 HP[-10]
You take 10 damage, and now have 40/50 hp.
You slash the white imp!
You kill the white imp!
The orc wizard hits you but does no damage.
You are electrocuted!!
* * * LOW HITPOINT WARNING * * *
😨 HP[-18]
You take 18 damage, and now have 22/50 hp.
MASSIVE DAMAGE!! (PAUSE)
You closely miss the orc wizard. You block the orc's attack.
The orc wizard casts a spell at you.
You are confused.
An orc wizard comes into view. It is wielding a +0 dagger.
You bump into the rock wall.
The orc wizard shouts!
You hear a shout!
The orc wizard gestures wildly while chanting.
The orc wizard flickers and vanishes!
Deactivating autopickup; reactivate with Ctrl-A.
The orc priest calls down the wrath of Beogh upon you.
Beogh smites you!
* * * LOW HITPOINT WARNING * * *
The orc hits you but does no damage.
The orc wizard hits you with a +2 dagger of electrocution.
* * * LOW HITPOINT WARNING * * *
You are electrocuted!!
You die...

Skill      XL: |  1  2  3  4 |
---------------+-------------+-----
Fighting       | 4 5 |  5.7
Axes           | 3 4 |  4.9
Armour         | 4 |  4.7
Shields        | |  3.6

Action                   |  1- 3 |  4- 6 || total
-------------------------+-------+-------++-------
Melee: War axe           |    84 |    67 ||   151
       Headbutt          |     9 |     9 ||    18
  Use: Scroll            |       |    12 ||    12
Armor: Scale mail        |    46 |    38 ||    84
       Chain mail        |       |     4 ||     4
Dodge: Dodged            |    34 |    38 ||    72
Block: Buckler           |    24 |    13 ||    37

Levels and vault maps discovered:
D:1:      dpeg_arrival_ternary, layout_loops_ring
D:2:      layout_basic, shapermc_ecumenical_altar_starsandcircs, uniq_terence,
          uniq_crazy_yiuf_cottage
D:3:      layout_loops_corners
D:4:      layout_basic, mainiacjoe_overflow_six_doors_small,
          nicolae_overflow_crystal_walls
D:5:      layout_rooms, grunt_dithmenos_shadows, uniq_blork_the_orc,
          uniq_duvessa, uniq_menkaure, uniq_ijyb

Notes
Turn   | Place    | Note
-------+----------+-------------------------------------------
     0 | D:1      | Sanktem7 the Minotaur Fighter began the quest for the Orb.
     0 | D:1      | Reached XP level 1. HP: 19/19 MP: 0/0
     0 | D:1      | magus.rc [v1.9.6]
   556 | D:1      | Reached skill level 4 in Fighting
   556 | D:1      | Reached XP level 2. HP: 22/27 MP: 1/1
   670 | D:1      | Reached skill level 3 in Axes
  1225 | D:2      | Found a faded altar of an unknown god.
  1319 | D:2      | Reached XP level 3. HP: 24/33 MP: 2/2
  1362 | D:2      | Reached skill level 4 in Armour
  1453 | D:2      | Noticed Terence
  1460 | D:2      | Killed Terence
  1502 | D:2      | You pick up a book of Conjurations {@e2} and begin
                  | reading...
  1502 | D:2      | You add the spells Magic Dart, Searing Ray and Fulminant
                  | Prism to your library.
  2024 | D:3      | Reached XP level 4. HP: 41/41 MP: 3/3
  2116 | D:3      | Reached skill level 4 in Axes
  2780 | D:4      | Reached skill level 5 in Fighting
  2881 | D:4      | Reached XP level 5. HP: 18/48 MP: 4/4
  3240 | D:4      | Found a sparkling altar of Nemelex Xobeh.
  3264 | D:4      | Found a glowing golden altar of the Shining One.
  3884 | D:5      | Entered Level 5 of the Dungeon
  3891 | D:5      | HP: 12/50 [orc wizard/+2 dagger of electrocution (4)]
  3891 | D:5      | Mangled by an orc wizard

Vanquished Creatures
  A hound (D:4)
  Terence (D:2)
  6 adders
  4 gnolls (D:4)
  A white imp (D:5)
  A worm (D:2)
  2 dart slugs
  3 orcs
  8 ball pythons
  9 endoplasms
  3 giant cockroaches
  3 hobgoblins
  2 jackals (D:4)
  2 quokkas
  5 bats
  A frilled lizard (D:2)
  8 goblins
  5 kobolds
  5 rats
70 creatures vanquished.

Table legend:
 A = Non-vault XP
 B = Vault XP
 C = Vault XP percentage of total XP
 D = Non-vault monster count
 E = Vault monster count
 F = Vault count percentage of total count
                 A         B        C        D         E       F
            +---------+---------+-------+---------+---------+-------
      Total |     298 |      32 |   9.7 |      69 |       1 |   1.4
            +---------+---------+-------+---------+---------+-------
        D:1 |      27 |       0 |   0.0 |      16 |       0 |   0.0
        D:2 |      30 |      32 |  51.6 |      16 |       1 |   5.9
        D:3 |      44 |       0 |   0.0 |      11 |       0 |   0.0
        D:4 |     186 |       0 |   0.0 |      25 |       0 |   0.0
        D:5 |      11 |       0 |   0.0 |       1 |       0 |   0.0
            +---------+---------+-------+---------+---------+-------

Illustrated notes

Table legend:
 A = Kills in this place as a percentage of kills in entire the game.
 B = Kills by you in this place as a percentage of kills by you in the entire game.
 C = Kills by friends in this place as a percentage of kills by friends in the entire game.
 D = Other kills in this place as a percentage of other kills in the entire game.
 E = Experience gained in this place as a percentage of experience gained in the entire game.
 F = Experience gained in this place divided by the number of levels of this place that you have seen.
                   A       B       C       D       E      F
               +-------+-------+-------+-------+-------+----------------------
         Total | 100.0 | 100.0 |   N/A |   N/A | 100.0 |  66.0
       Dungeon | 100.0 | 100.0 |   N/A |   N/A | 100.0 |  66.0
               +-------+-------+-------+-------+-------+----------------------

Table legend: (Time is in decaauts)
 A = Elapsed time spent in this place.
 B = Non-inter-level travel time spent in this place.
 C = Inter-level travel time spent in this place.
 D = Time resting spent in this place.
 E = Time spent auto-exploring this place.
 F = Levels seen in this place.
 G = Mean time per level.
                   A        B        C        D        E       F      G
               +--------+--------+--------+--------+--------+-----+--------+
         Total |   3945 |   3808 |    137 |      0 |   3327 |   5 |  789.0 |
       Dungeon |   3945 |   3808 |    137 |      0 |   3327 |   5 |  789.0 |
               +--------+--------+--------+--------+--------+-----+--------+

Top non-repeatable levels by time:
     D:1: 1192 daAuts
     D:4: 1064 daAuts
     D:2: 842 daAuts
     D:3: 837 daAuts
     D:5: 8 daAuts
